 Dungeon Crawl Stone Soup version 0.30-a0-845-g7c6808c8ce (webtiles) character file.

Game seed: 16753371399023101804

7862 retardedninja the Blocker (level 11, -12/133 HPs)
             Began as a Gnoll Fighter on Mar 2, 2023.
             Was an Initiate of Gozag.
             Mangled by an ogre
             ... wielding a +0 giant club
             ... led by Lodul
              (25 damage)
             ... on level 9 of the Dungeon.
             The game lasted 00:15:00 (11226 turns).

retardedninja the Blocker (Gnoll Fighter)          Turns: 11226, Time: 00:15:02

Health: -12/133    AC: 19    Str: 20    XL:     11   Next: 21%
Magic:  20/20      EV:  8    Int:  7    God:    Gozag
Gold:   1065       SH:  0    Dex: 14    Spells: 22/22 levels left

rFire   . . .      SeeInvis .    H - +4 great sword of Fofoim {heavy, +Blink Dex+2}
rCold   . . .      Faith    .    (shield currently unavailable)
rNeg    . . .      Spirit   .    b - +0 plate armour
rPois   .          Reflect  .    l - +2 helmet
rElec   .          Rampage  .    A - +0 cloak
rCorr   .                        (no gloves)
Will    .....                    (no boots) Stlth
                                 m - amulet of regeneration
HPRegen 1.22/turn                (no ring)
MPRegen 0.17/turn                (no ring)

@: berserking, gold aura, very quick
A: fangs 1, strong nose, distributed training
a: Renounce Religion, Evoke Blink, Potion Petition, Call Merchant, Bribe Branch


You were on level 9 of the Dungeon.
You worshipped Gozag.
Gozag was most pleased with you.
You visited 2 branches of the dungeon, and saw 11 of its levels.
You also visited: Ossuary.

You collected 1357 gold pieces.
You paid 292 gold pieces to Gozag.

Inventory:

Hand Weapons
 a - a +2 flail
 H - the +4 great sword of Fofoim (weapon) {heavy, +Blink Dex+2}
   (You found it on level 8 of the Dungeon)

   Dex:       It affects your dexterity (+2).
   +Blink:    It lets you blink.
Missiles
 h - 6 boomerangs (quivered)
Armour
 b - a +0 plate armour (worn)
 c - a +1 buckler
 l - a +2 helmet (worn)
 A - a +0 cloak (worn)
Jewellery
 m - an amulet of regeneration (around neck)
 I - an amulet of reflection
Wands
 d - a wand of flame (28)
 q - a wand of roots (9)
 s - a wand of polymorph (8)
 B - a wand of light (10)
 J - a wand of charming (7)
Scrolls
 i - 5 scrolls of fear
 j - a scroll of poison {unknown}
 k - a scroll of blinking
 r - a scroll of immolation {unknown}
 u - 2 scrolls of magic mapping {unknown}
 x - 4 scrolls of fog
 y - 3 scrolls of teleportation
Potions
 e - 3 potions of mutation
 f - 2 potions of attraction
 g - a potion of heal wounds {unknown}
 n - a potion of curing
 o - 3 potions of brilliance
 p - a potion of ambrosia
 t - 2 potions of magic
 v - a potion of degeneration
 z - 3 potions of cancellation
 D - a potion of lignification {unknown}
 E - a potion of flight {unknown}
 F - 5 potions of invisibility


   Skills:
 + Level 9.2 Fighting
 + Level 6.3 Short Blades
 + Level 6.3 Long Blades
 + Level 6.3 Axes
 + Level 7.9 Maces & Flails
 + Level 6.3 Polearms
 + Level 6.3 Staves
 + Level 6.3 Ranged Weapons
 + Level 6.3 Throwing
 + Level 9.2 Armour
 + Level 6.3 Dodging
 + Level 6.3 Stealth
 + Level 9.2 Shields
 + Level 6.3 Unarmed Combat
 + Level 6.3 Spellcasting
 + Level 5.2 Conjurations
 + Level 5.2 Hexes
 + Level 5.2 Summonings
 + Level 5.2 Necromancy
 + Level 5.2 Translocations
 + Level 5.2 Transmutations
 + Level 5.2 Fire Magic
 + Level 5.2 Ice Magic
 + Level 5.2 Air Magic
 + Level 5.2 Earth Magic
 + Level 5.2 Poison Magic
 + Level 6.9 Invocations
 + Level 6.3 Evocations


You had 22 spell levels left.
You didn't know any spells.
Your spell library contained the following spells:

 Spells                   Type           Power      Damage    Failure   Level
 Blink                    Tloc           18%        N/A       63%         2
 Cigotuvi's Dreadful Rot  Necr/Pois/Air  18%        N/A       63%         2
 Ensorcelled Hibernation  Hex/Ice        18%        N/A       63%         2
 Lesser Beckoning         Tloc           18%        N/A       63%         2
 Momentum Strike          Conj/Tloc      18%        3d8       63%         2
 Poisonous Vapours        Pois/Air       18%        N/A       63%         2
 Mephitic Cloud           Conj/Pois/Air  9%         N/A       85%         3
 Ozocubu's Armour         Ice            9%         N/A       85%         3
 Spider Form              Tmut/Pois      9%         N/A       85%         3
 Airstrike                Air            4%         2d(1-17)  99%         4
 Anguish                  Hex/Necr       4%         N/A       99%         4
 Summon Lightning Spire   Summ/Air       9%         N/A       99%         4
 Lightning Bolt           Conj/Air       4%         1d16      100%        5
 Enfeeble                 Hex            4%         N/A       100%        7
 Ozocubu's Refrigeration  Ice            4%         4d8       100%        7


Dungeon Overview and Level Annotations

Branches:
Dungeon (10/15)            Temple (1/1) D:6         Ossuary (visited)
   Lair: D:8-11         Orc: D:9-12

Altars:
Ashenzari
Cheibriados
Dithmenos
Elyvilon
Fedhas
Gozag
Hepliaklqana
Kikubaaqudgha
Makhleb
Nemelex Xobeh
Okawaru
Qazlal
Ru
Sif Muna
Trog
Uskayaw
Vehumet
Wu Jian
Xom
Yredelemnul
Zin
The Shining One

Annotations:
D:10 Lodul


Innate Abilities, Weirdness & Mutations

You have very sharp teeth.
Your uncanny sense of smell can sniff out nearby items.
Your experience applies equally to all skills.


Message History

You slice the ogre!!
You kill the ogre!
You now have 1065 gold pieces (gained 15).
You see here a +0 giant spiked club.
You start resting.
HP restored.
You start waiting.
Done waiting.
Welcome back, retardedninja the Gnoll Fighter.
Gozag says: Greed is good.
Press ? for a list of commands and other information.
There is a stone staircase leading down, spattered with blood here.
You climb downwards.
Level annotation: Lodul The ogre closely misses you.
The ogre hits you with a +0 giant spiked club! x2
There is a stone staircase leading up, spattered with blood here.
The ogre hits you with a +0 giant club!!
The ogre hits you with a +0 giant spiked club! x2
* * * LOW HITPOINT WARNING * * *
You climb upwards.
There is a stone staircase leading down, spattered with blood here.
You feel better. The ogre barely misses you.
A red film seems to cover your vision as you go berserk!
You feel yourself moving faster!
You feel mighty! The ogre barely misses you.
The ogre hits you with a +0 giant spiked club.
You slice the ogre!! You bite the ogre.
You kill the ogre!
The ogre hits you with a +0 giant club!!
* * * LOW HITPOINT WARNING * * *
The ogre barely misses you.
Things that are here:
19 gold pieces; a +0 giant spiked club You slice the ogre!!
You kill the ogre!
The ogre hits you with a +0 giant club!!
* * * LOW HITPOINT WARNING * * *
The ogre hits you with a +0 giant club!!
You die...
Your body crumbles into a pile of gold.

...# #...# #.# ######.###### ...#
#...# #.# #...........#
...###...# #(# ##....#....##
.........####)#########..###..###
..).................####..#..####
(.))......#####.)....####.#.####.
.)...####.# #.......###.#.###..
.....# #.# #........##.#.##...
.....# #.# #O@......##.#.##)).
.....# #.# #>$......##...##.).
.....# #.# #........###'###...
.....####.# #...)..............
..........# #..................
########### ###################


You could see an ogre.

Vanquished Creatures
  A two-headed ogre (D:9)
  Sonja (D:10)
  Joseph (D:7)
  Maggie (D:8)
  A troll (D:7)
  9 yaks
  Sigmund (D:4)
  A wyvern (D:8)
  2 steam dragons
  2 water moccasins (D:9)
  4 orc warriors
  A sky beast (D:8)
  5 black bears
  3 ogres (D:9)
  2 centaurs
  A phantom (D:5)
  2 kobold brigands (D:9)
  6 bullfrogs
  4 scorpions
  5 wights
  5 killer bees (D:7)
  4 howler monkeys
  2 jellies (D:6)
  3 hounds
  4 orc priests
  Terence (D:2)
  A gnoll bouda (D:8)
  A sleepcap (D:8)
  Ijyb (D:3)
  3 iguanas
  11 orc wizards
  10 mummies
  3 gnolls (D:8)
  8 adders
  A shadow imp (D:6)
  2 white imps (D:6)
  2 worms
  A dart slug (D:4)
  39 orcs
  11 endoplasms
  5 giant cockroaches
  5 goblins
  13 hobgoblins
  6 jackals
  4 quokkas
  3 ball pythons
  8 bats
  3 frilled lizards
  2 gnoll zombies (Ossuary)
  A hobgoblin zombie (Ossuary)
  15 kobolds
  2 kobold zombies (Ossuary)
  3 orc zombies (Ossuary)
  9 rats
245 creatures vanquished.

Vanquished Creatures (others)
  An orc priest (D:7)
  An orc (D:9)
2 creatures vanquished.

Grand Total: 247 creatures vanquished

Notes
Turn   | Place    | Note
-------+----------+-------------------------------------------
     0 | D:1      | retardedninja the Gnoll Fighter began the quest for the
                  | Orb.
     0 | D:1      | Reached XP level 1. HP: 23/23 MP: 1/1
    67 | D:1      | Reached XP level 2. HP: 29/29 MP: 2/2
   452 | D:1      | Reached XP level 3. HP: 35/35 MP: 3/3
   464 | D:1      | Found a faded altar of an unknown god.
   531 | D:1      | Reached skill level 1 in Invocations
   931 | D:2      | Reached skill level 1 in Short Blades
   931 | D:2      | Reached skill level 1 in Long Blades
   931 | D:2      | Reached skill level 1 in Axes
   931 | D:2      | Reached skill level 1 in Polearms
   931 | D:2      | Reached skill level 1 in Staves
   931 | D:2      | Reached skill level 1 in Ranged Weapons
   931 | D:2      | Reached skill level 1 in Throwing
   931 | D:2      | Reached skill level 1 in Dodging
   931 | D:2      | Reached skill level 1 in Stealth
   931 | D:2      | Reached skill level 1 in Unarmed Combat
   931 | D:2      | Reached skill level 1 in Spellcasting
   931 | D:2      | Reached skill level 1 in Evocations
   967 | D:2      | Found a shimmering altar of Xom.
  1040 | D:2      | Reached XP level 4. HP: 41/41 MP: 5/5
  1538 | D:2      | Noticed Terence
  1551 | D:2      | Killed Terence
  1552 | D:2      | Reached skill level 1 in Conjurations
  1552 | D:2      | Reached skill level 1 in Hexes
  1552 | D:2      | Reached skill level 1 in Summonings
  1552 | D:2      | Reached skill level 1 in Necromancy
  1552 | D:2      | Reached skill level 1 in Translocations
  1552 | D:2      | Reached skill level 1 in Transmutations
  1552 | D:2      | Reached skill level 1 in Fire Magic
  1552 | D:2      | Reached skill level 1 in Ice Magic
  1552 | D:2      | Reached skill level 1 in Air Magic
  1552 | D:2      | Reached skill level 1 in Earth Magic
  1552 | D:2      | Reached skill level 1 in Poison Magic
  1818 | D:3      | Reached XP level 5. HP: 12/47 MP: 5/7
  2247 | D:3      | Noticed Ijyb
  2262 | D:3      | Killed Ijyb
  2564 | D:3      | Found a hide-covered altar of Uskayaw.
  2704 | D:3      | Found a radiant altar of Vehumet.
  2851 | D:4      | Reached XP level 6. HP: 49/53 MP: 8/8
  2895 | D:4      | Noticed Sigmund
  2903 | D:4      | Killed Sigmund
  2904 | D:4      | Reached skill level 5 in Maces & Flails
  3225 | D:4      | Found a bloodstained altar of Trog.
  3225 | D:4      | Noticed a black bear
  3225 | D:4      | Noticed a black bear
  3232 | D:4      | Killed a black bear
  3233 | D:4      | Reached XP level 7. HP: 53/60 MP: 10/10
  3657 | D:5      | Entered Level 5 of the Dungeon
  3940 | D:5      | Reached XP level 8. HP: 64/67 MP: 12/12
  4274 | D:5      | You fall into a shaft and drop 1 floor!
  4274 | D:6      | Found a staircase to the Ecumenical Temple.
  4278 | Temple   | Entered the Ecumenical Temple
  4278 | Temple   | Noticed a balrug
  4279 | Temple   | Noticed Qeraj the pandemonium lord
  4279 | Temple   | Noticed a hellwing
  4279 | Temple   | Noticed Idokott the pandemonium lord
  4280 | Temple   | Noticed a reaper
  4280 | Temple   | Noticed an orange demon
  4280 | Temple   | Noticed a reaper
  4281 | Temple   | Noticed Jenniadi the pandemonium lord
  4281 | Temple   | Noticed an Ice Fiend
  4282 | Temple   | Noticed a hell beast
  4307 | Temple   | Noticed an Executioner
  4323 | Temple   | Noticed Imyloa the pandemonium lord
  4323 | Temple   | Noticed a red devil
  4324 | Temple   | Noticed a hellion
  4337 | Temple   | Noticed Mipritepe the pandemonium lord
  4350 | Temple   | Noticed Futukku the pandemonium lord
  4554 | D:6      | Found a sacrificial altar of Ru.
  5065 | D:6      | Found a blossoming altar of Fedhas.
  5620 | D:6      | Reached XP level 9. HP: 64/73 MP: 13/15
  6238 | D:7      | Noticed a troll
  6258 | D:7      | Killed a troll
  6600 | D:7      | Reached skill level 5 in Invocations
  6912 | D:7      | Noticed Joseph
  6931 | D:7      | Killed Joseph
  6932 | D:7      | Reached skill level 5 in Short Blades
  6932 | D:7      | Reached skill level 5 in Long Blades
  6932 | D:7      | Reached skill level 5 in Axes
  6932 | D:7      | Reached skill level 5 in Polearms
  6932 | D:7      | Reached skill level 5 in Staves
  6932 | D:7      | Reached skill level 5 in Ranged Weapons
  6932 | D:7      | Reached skill level 5 in Throwing
  6932 | D:7      | Reached skill level 5 in Dodging
  6932 | D:7      | Reached skill level 5 in Stealth
  6932 | D:7      | Reached skill level 5 in Unarmed Combat
  6932 | D:7      | Reached skill level 5 in Spellcasting
  6932 | D:7      | Reached skill level 5 in Evocations
  6932 | D:7      | Reached XP level 10. HP: 33/81 MP: 17/17
  7601 | D:7      | Found a snail-covered altar of Cheibriados.
  7958 | D:8      | Found a sand-covered staircase.
  7967 | Ossuary  | Entered an ossuary
  8464 | D:8      | Noticed Maggie
  8477 | D:8      | Killed Maggie
  8513 | D:8      | Identified the +4 great sword of Fofoim {heavy, +Blink
                  | Dex+2}
  9035 | D:8      | Found a glowing silver altar of Zin.
  9035 | D:8      | Found an opulent altar of Gozag.
  9106 | D:8      | Became a worshipper of Gozag Ym Sagoz the Greedy
  9775 | D:9      | Found a glowing golden altar of the Shining One.
  9846 | D:9      | Noticed a two-headed ogre
  9852 | D:9      | Killed a two-headed ogre
  9853 | D:9      | Reached skill level 5 in Conjurations
  9853 | D:9      | Reached skill level 5 in Hexes
  9853 | D:9      | Reached skill level 5 in Summonings
  9853 | D:9      | Reached skill level 5 in Necromancy
  9853 | D:9      | Reached skill level 5 in Translocations
  9853 | D:9      | Reached skill level 5 in Transmutations
  9853 | D:9      | Reached skill level 5 in Fire Magic
  9853 | D:9      | Reached skill level 5 in Ice Magic
  9853 | D:9      | Reached skill level 5 in Air Magic
  9853 | D:9      | Reached skill level 5 in Earth Magic
  9853 | D:9      | Reached skill level 5 in Poison Magic
  9853 | D:9      | Reached XP level 11. HP: 81/89 MP: 18/20
 10883 | D:9      | Found a sparkling altar of Nemelex Xobeh.
 11057 | D:10     | Entered Level 10 of the Dungeon
 11063 | D:10     | Noticed Sonja
 11065 | D:10     | Killed Sonja
 11084 | D:10     | Noticed Lodul
 11226 | D:9      | Mangled by an ogre

Illustrated notes

Levels and vault maps discovered:
D:1:      dpeg_arrival_rooms_c, layout_basic, basic_ecumenical_altar
D:2:      layout_basic, basic_altar, hangedman_decor_points, minmay_circle_x,
          uniq_terence
D:3:      layout_rooms, nicolae_uskayaw_dance_hall, nicolae_vehumet_altar_sigil,
          grunt_ministairs_14, uniq_ijyb
D:4:      layout_loops_ring, trog_ov_bears_minmay, uniq_sigmund
D:5:      layout_basic, grunt_decor_fettered
D:6:      layout_loops_cross, mainiacjoe_overflow_catwalk_spiral,
          minmay_temple_entry_nine_rooms, minmay_pentangle
D:7:      layout_layer_cave, slow_altar_2, uniq_joseph
D:8:      nicolae_cairo_tiling_large, layout_loops_ring,
          grunt_temple_overflow_gold_and_silver, gup_ossuary_entry_pyramid,
          lightli_orcish_oven, uniq_maggie
D:9:      layout_small_grid, nemelex_diamond_rough_becter,
          nicolae_tso_swordbearing_angel, serial_bayou_crossing
D:10:     layout_loops_ring, erik_lair_orcish_takeover, kennysheep_cross_room,
          eino_tiny_chamber, minmay_crystal_water, guppyfry_shop_venom,
          uniq_grum, uniq_sonja, uniq_lodul
Temple:   nicolae_temple_panitentiary

Skill      XL: |  1  2  3  4  5  6  7  8  9 10 |
---------------+-------------------------------+-----
Invocations    | 1 2 3 4 5 6 |  6.9
Short Blades   | 1 2 3 4 5 6 |  6.3
Long Blades    | 1 2 3 4 5 6 |  6.3
Axes           | 1 2 3 4 5 6 |  6.3
Polearms       | 1 2 3 4 5 6 |  6.3
Staves         | 1 2 3 4 5 6 |  6.3
Ranged Weapons | 1 2 3 4 5 6 |  6.3
Throwing       | 1 2 3 4 5 6 |  6.3
Dodging        | 1 2 3 4 5 6 |  6.3
Stealth        | 1 2 3 4 5 6 |  6.3
Unarmed Combat | 1 2 3 4 5 6 |  6.3
Spellcasting   | 1 2 3 4 5 6 |  6.3
Evocations     | 1 2 3 4 5 6 |  6.3
Conjurations   | 1 2 3 4 5 |  5.2
Hexes          | 1 2 3 4 5 |  5.2
Summonings     | 1 2 3 4 5 |  5.2
Necromancy     | 1 2 3 4 5 |  5.2
Translocations | 1 2 3 4 5 |  5.2
Transmutations | 1 2 3 4 5 |  5.2
Fire Magic     | 1 2 3 4 5 |  5.2
Ice Magic      | 1 2 3 4 5 |  5.2
Air Magic      | 1 2 3 4 5 |  5.2
Earth Magic    | 1 2 3 4 5 |  5.2
Poison Magic   | 1 2 3 4 5 |  5.2
Maces & Flails | 5 6 7 |  7.9
Fighting       | 7 8 9 |  9.2
Armour         | 7 8 9 |  9.2
Shields        | 7 8 9 |  9.2

Action                     |  1- 3 |  4- 6 |  7- 9 | 10-12 || total
---------------------------+-------+-------+-------+-------++-------
  Melee: Flail             |   113 |   174 |   250 |   194 ||   731
         Bite              |     7 |    16 |    29 |    39 ||    91
         Great sword       |       |       |       |   125 ||   125
  Throw: Boomerang         |     4 |       |     8 |       ||    12
  Evoke: Wand              |       |     3 |    12 |     4 ||    19
    Use: Scroll            |       |     4 |     2 |     8 ||    14
         Potion            |       |     1 |     7 |     8 ||    16
   Stab: Invisible         |       |     1 |       |       ||     1
 Armour: Scale mail        |    40 |    57 |       |       ||    97
         Chain mail        |       |    61 |    98 |       ||   159
         Plate armour      |       |       |    43 |   386 ||   429
  Dodge: Dodged            |    46 |    72 |   113 |   227 ||   458
  Block: Buckler           |    25 |    57 |    97 |    94 ||   273

Table legend: (Time is in decaauts)
 A = Elapsed time spent in this place.
 B = Non-inter-level travel time spent in this place.
 C = Inter-level travel time spent in this place.
 D = Time resting spent in this place.
 E = Time spent auto-exploring this place.
 F = Levels seen in this place.
 G = Mean time per level.
                   A        B        C        D        E       F      G
               +--------+--------+--------+--------+--------+-----+--------+
         Total |  11493 |  11187 |    306 |   2931 |   6163 |  12 |  957.8 |
       Dungeon |  11097 |  10814 |    283 |   2914 |   5978 |  10 | 1109.7 |
        Temple |    152 |    129 |     23 |      0 |     78 |   1 |  152.0 |
       Ossuary |    243 |    243 |      0 |     17 |    107 |   1 |  243.0 |
               +--------+--------+--------+--------+--------+-----+--------+

Top non-repeatable levels by time:
     D:9: 1946 daAuts
     D:7: 1614 daAuts
     D:8: 1339 daAuts
     D:6: 1332 daAuts
     D:5: 1095 daAuts
     D:3: 1080 daAuts
     D:2: 992 daAuts
     D:4: 833 daAuts
     D:1: 815 daAuts
 Ossuary: 243 daAuts
  Temple: 152 daAuts
    D:10: 47 daAuts
